 Dungeon Crawl Stone Soup version 0.29.0-4-gdea44cf6ec (webtiles) character file.

Game seed: 17439477683660652961

77 qw the Chopper (level 4, -3/44 HPs)
             Began as an Ogre Enchanter on Sept 3, 2022.
             Slain by an orc
             ... wielding a +0 club
              (4 damage)
             ... on level 3 of the Dungeon.
             The game lasted 00:02:14 (3471 turns).

qw the Chopper (Ogre Enchanter)                     Turns: 3471, Time: 00:02:15

Health: -3/44      AC:  3    Str: 14    XL:     4   Next: 33%
Magic:  7/7        EV:  9    Int: 16    God:
Gold:   62         SH:  0    Dex:  9    Spells: 7/7 levels left

rFire   . . .      SeeInvis .   Y - +0 spear
rCold   . . .      Faith    .   (no shield)
rNeg    . . .      Spirit   .   b - +0 robe
rPois   .          Reflect  .   (helmet restricted)
rElec   .          Harm     .   (no cloak)
rCorr   .          Rampage  .   (gloves unavailable)
Will    .....                   (boots unavailable)
Stlth   ++........              (no amulet)
HPRegen 0.14/turn               (no ring)
MPRegen 0.10/turn               (no ring)

@: no status effects
A: large, unfitting armour, tough skin 1
a: no special abilities


You were on level 3 of the Dungeon.
You visited 1 branch of the dungeon, and saw 3 of its levels.

You collected 62 gold pieces.


Innate Abilities, Weirdness & Mutations

You are too large for most types of armour.
You have tough skin. (AC +1)


   Skills:
 + Level 2.8 Fighting
 - Level 0.8 Short Blades
 - Level 3.0 Axes
 - Level 1.7 Dodging
 - Level 2.1 Stealth
 - Level 2.4 Spellcasting
 - Level 2.6 Hexes


You had 7 spell levels left.
You didn't know any spells.
Your spell library contained the following spells:

 Spells                   Type           Power      Damage    Failure   Level
 Ensorcelled Hibernation  Hex/Ice        12%        N/A       17%         2
 Confusing Touch          Hex            10%        N/A       21%         3
 Tukima's Dance           Hex            10%        N/A       21%         3
 Dazzling Flash           Conj/Hex       12%        N/A       34%         3

Inventory:

Hand Weapons
 Y - a +0 spear (weapon)
Armour
 b - a +0 robe (worn)
Scrolls
 e - a scroll of enchant armour
 g - 6 scrolls of identify
Potions
 a - a potion of lignification {unknown}
 f - a potion of might
 h - a potion of curing

Dungeon Overview and Level Annotations

Branches:
Dungeon (3/15)

Altars:


Message History

The adder is heavily wounded.
The adder bites you.
An orc comes into view. It is wielding a +0 club.
You miss the adder.
The adder is heavily wounded.
The orc shouts!
The adder bites you. x2
You closely miss the adder.
The adder is heavily wounded.
The adder bites you but does no damage.
You miss the adder.
The adder is heavily wounded.
The adder bites you.
You hit the adder.
The adder is heavily wounded.
The adder bites you.
The orc throws a stone.
The stone hits you. The adder bites you but does no damage.
You barely miss the adder.
The adder is heavily wounded.
The adder closely misses you.
You barely miss the adder.
The adder is heavily wounded.
The adder bites you.
You barely miss the adder.
The adder is heavily wounded.
The adder bites you. x2
You hit the adder.
The adder is almost dead.
The orc hits you with a +0 club.
An orc comes into view. It is wielding a +0 short sword.
The adder barely misses you.
You barely miss the adder.
The adder is almost dead.
An orc comes into view. It is wielding a +0 hand axe.
The orc hits you with a +0 club. The adder barely misses you.
The orc shouts! x2
You hit the adder.
You kill the adder!
The orc hits you with a +0 club.
You die...

#...... ##....#.#
#.......##....#.#
#.............#.# .
#####'####.#..#.###
..########.####.#.......
.....................###
.......###.#............
......%###.##.#......###
.......@......#..##..##.
.......o..#####.......#.
..........# ##.####.#.
................<.......
..........###########.#.
.......#................
.......###oo#..#..####..
+###### ..............
......####....


You could see 3 orcs.

Vanquished Creatures
  3 adders
  2 worms (D:2)
  A dart slug (D:2)
  An orc (D:3)
  4 bats
  4 endoplasms
  A giant cockroach (D:2)
  5 goblins
  7 hobgoblins
  3 quokkas
  5 ball pythons
  2 frilled lizards
  5 kobolds
  6 rats
49 creatures vanquished.

Vanquished Creatures (others)
  A plant (D:3)
1 creature vanquished.

Grand Total: 50 creatures vanquished

Notes
Turn   | Place    | Note
-------+----------+-------------------------------------------
     0 | D:1      | qw the Ogre Enchanter began the quest for the Orb.
     0 | D:1      | Reached XP level 1. HP: 16/16 MP: 3/3
     0 | D:1      | 0 ||| qw: Version: 0.1-a-102-g441f92d
     0 | D:1      | 0 ||| qw: Game counter: 5280
     0 | D:1      | 0 ||| qw: Always use a shield: true
     0 | D:1      | 0 ||| qw: God list: Okawaru
     0 | D:1      | 0 ||| qw: Allow faded altars: false
     0 | D:1      | 0 ||| qw: Do Orc after D:15 true
     0 | D:1      | 0 ||| qw: Do second Lair branch before Depths: true
     0 | D:1      | 0 ||| qw: Lair rune preference: random
     0 | D:1      | 0 ||| qw: Plans: Normal
     0 | D:1      | 0 ||| PLANNING D:1-11
   167 | D:1      | 167 ||| Stepping ~*~*~tactically~*~*~ (outnumbered).
   174 | D:1      | Reached skill level 1 in Axes
   209 | D:1      | Reached skill level 1 in Fighting
   211 | D:1      | 211 ||| SWAPPING to +0 spear.
   212 | D:1      | 212 ||| DROPPING +1 dagger.
   227 | D:1      | Reached XP level 2. HP: 27/27 MP: 5/5
   264 | D:1      | 264 ||| Stepping ~*~*~tactically~*~*~ (stealth).
   268 | D:1      | 268 ||| Stepping ~*~*~tactically~*~*~ (outnumbered).
   269 | D:1      | 269 ||| Stepping ~*~*~tactically~*~*~ (outnumbered).
   743 | D:1      | Reached skill level 2 in Axes
   859 | D:1      | Found a faded altar of an unknown god.
   974 | D:1      | You fall into a shaft and drop 1 floor!
  1080 | D:2      | Reached XP level 3. HP: 28/35 MP: 6/6
  1223 | D:2      | 1223 ||| Stepping ~*~*~tactically~*~*~ (reaching).
  1226 | D:2      | 1226 ||| Stepping ~*~*~tactically~*~*~ (reaching).
  1228 | D:2      | 1228 ||| Stepping ~*~*~tactically~*~*~ (reaching).
  1229 | D:2      | 1229 ||| Stepping ~*~*~tactically~*~*~ (reaching).
  1231 | D:2      | 1231 ||| Stepping ~*~*~tactically~*~*~ (reaching).
  1232 | D:2      | 1232 ||| Stepping ~*~*~tactically~*~*~ (reaching).
  1234 | D:2      | 1234 ||| Stepping ~*~*~tactically~*~*~ (reaching).
  1236 | D:2      | 1236 ||| Stepping ~*~*~tactically~*~*~ (reaching).
  1237 | D:2      | 1237 ||| Stepping ~*~*~tactically~*~*~ (reaching).
  1239 | D:2      | 1239 ||| Stepping ~*~*~tactically~*~*~ (reaching).
  1241 | D:2      | 1241 ||| Stepping ~*~*~tactically~*~*~ (reaching).
  1242 | D:2      | 1242 ||| Stepping ~*~*~tactically~*~*~ (reaching).
  1244 | D:2      | 1244 ||| Stepping ~*~*~tactically~*~*~ (reaching).
  1246 | D:2      | 1246 ||| Stepping ~*~*~tactically~*~*~ (reaching).
  1247 | D:2      | 1247 ||| Stepping ~*~*~tactically~*~*~ (reaching).
  1249 | D:2      | 1249 ||| Stepping ~*~*~tactically~*~*~ (reaching).
  1250 | D:2      | 1250 ||| Stepping ~*~*~tactically~*~*~ (reaching).
  1252 | D:2      | 1252 ||| Stepping ~*~*~tactically~*~*~ (reaching).
  1254 | D:2      | 1254 ||| Stepping ~*~*~tactically~*~*~ (reaching).
  1255 | D:2      | 1255 ||| Stepping ~*~*~tactically~*~*~ (reaching).
  1257 | D:2      | 1257 ||| Stepping ~*~*~tactically~*~*~ (reaching).
  1259 | D:2      | 1259 ||| Stepping ~*~*~tactically~*~*~ (reaching).
  1260 | D:2      | 1260 ||| Stepping ~*~*~tactically~*~*~ (reaching).
  1262 | D:2      | 1262 ||| Stepping ~*~*~tactically~*~*~ (reaching).
  1264 | D:2      | 1264 ||| Stepping ~*~*~tactically~*~*~ (reaching).
  1265 | D:2      | 1265 ||| Stepping ~*~*~tactically~*~*~ (reaching).
  1267 | D:2      | 1267 ||| Stepping ~*~*~tactically~*~*~ (reaching).
  1269 | D:2      | 1269 ||| Stepping ~*~*~tactically~*~*~ (reaching).
  1270 | D:2      | 1270 ||| Stepping ~*~*~tactically~*~*~ (reaching).
  1272 | D:2      | 1272 ||| Stepping ~*~*~tactically~*~*~ (reaching).
  1274 | D:2      | 1274 ||| Stepping ~*~*~tactically~*~*~ (reaching).
  1275 | D:2      | 1275 ||| Stepping ~*~*~tactically~*~*~ (reaching).
  1277 | D:2      | 1277 ||| Stepping ~*~*~tactically~*~*~ (reaching).
  1278 | D:2      | 1278 ||| Stepping ~*~*~tactically~*~*~ (reaching).
  1280 | D:2      | 1280 ||| Stepping ~*~*~tactically~*~*~ (reaching).
  1282 | D:2      | 1282 ||| Stepping ~*~*~tactically~*~*~ (reaching).
  1283 | D:2      | 1283 ||| Stepping ~*~*~tactically~*~*~ (reaching).
  1285 | D:2      | 1285 ||| Stepping ~*~*~tactically~*~*~ (reaching).
  1321 | D:2      | 1321 ||| READING scroll labelled WOUVAZ QESAIBA.
  1322 | D:2      | 1322 ||| READING scroll labelled ZERICOTRAI.
  1323 | D:2      | 1323 ||| READING scroll labelled MIAGYA XIPLA.
  1324 | D:2      | 1324 ||| READING scroll labelled YGOCIEPRYUFA.
  1325 | D:2      | 1325 ||| DRINKING 2 red potions.
  1326 | D:2      | 1326 ||| DROPPING 2 potions of invisibility.
  1753 | D:2      | 1753 ||| Stepping ~*~*~tactically~*~*~ (reaching).
  1755 | D:2      | 1755 ||| Stepping ~*~*~tactically~*~*~ (reaching).
  1756 | D:2      | 1756 ||| Stepping ~*~*~tactically~*~*~ (reaching).
  1758 | D:2      | 1758 ||| Stepping ~*~*~tactically~*~*~ (reaching).
  1760 | D:2      | 1760 ||| Stepping ~*~*~tactically~*~*~ (reaching).
  1761 | D:2      | 1761 ||| Stepping ~*~*~tactically~*~*~ (reaching).
  1763 | D:2      | 1763 ||| Stepping ~*~*~tactically~*~*~ (reaching).
  2208 | D:2      | HP: 8/35 [adder (2)]
  2590 | D:2      | 2590 ||| READING scroll labelled PUILIC MUIZEU.
  2591 | D:2      | 2591 ||| READING scroll labelled HASTIPRONUMM.
  2592 | D:2      | 2592 ||| READING 2 scrolls labelled RETEYX GUTAETA.
  2593 | D:2      | 2593 ||| DRINKING 2 glowing puce potions.
  2594 | D:2      | 2594 ||| DRINKING 2 orange potions.
  2595 | D:2      | 2595 ||| DROPPING potion of attraction.
  2774 | D:3      | Reached skill level 3 in Axes
  2774 | D:3      | Reached XP level 4. HP: 42/42 MP: 7/7
  2787 | D:3      | HP: 11/44 [goblin/+0 dagger (3)]
  2935 | D:3      | 2935 ||| FLEEEEING.
  2936 | D:3      | 2936 ||| FLEEEEING.
  2937 | D:3      | 2937 ||| FLEEEEING.
  2938 | D:3      | 2938 ||| FLEEEEING.
  3006 | D:3      | 3006 ||| FLEEEEING.
  3007 | D:3      | 3007 ||| FLEEEEING.
  3009 | D:3      | 3009 ||| FLEEEEING.
  3014 | D:3      | 3014 ||| FLEEEEING.
  3343 | D:3      | 3343 ||| FLEEEEING.
  3465 | D:3      | HP: 11/44 [orc/stone (3)]
  3468 | D:3      | HP: 5/44 [adder (1)]
  3469 | D:3      | HP: 2/44 [orc/+0 club (3)]
  3471 | D:3      | Slain by an orc

Levels and vault maps discovered:
D:1:      onia_arrival_mini_maze, layout_basic, shapermc_ecumenical_altar_venn
D:2:      wad_pebble_path, layout_basic
D:3:      corexii_shack_village, layout_basic, mainiacjoe_overflow_paths

Skill      XL: |  1  2  3 |
---------------+----------+-----
Axes           | 1 2 3 |  3.0
Fighting       | 1 2 |  2.8
Short Blades   | |  0.8
Dodging        | |  1.7
Stealth        | |  2.1
Spellcasting   | |  2.4
Hexes          | |  2.6

Action                   |  1- 3 |  4- 6 || total
-------------------------+-------+-------++-------
Melee: Dagger            |    24 |       ||    24
       Spear             |   186 |    81 ||   267
       Punch             |       |     1 ||     1
  Use: Scroll            |     7 |       ||     7
       Potion            |     3 |       ||     3
 Stab: Sleeping          |     1 |     1 ||     2
Armor: Robe              |    45 |    32 ||    77
Dodge: Dodged            |    58 |    30 ||    88

Table legend:
 A = Non-vault XP
 B = Vault XP
 C = Vault XP percentage of total XP
 D = Non-vault monster count
 E = Vault monster count
 F = Vault count percentage of total count
                 A         B        C        D         E       F
            +---------+---------+-------+---------+---------+-------
      Total |     114 |       9 |   7.3 |      44 |       5 |  10.2
            +---------+---------+-------+---------+---------+-------
        D:1 |      29 |       0 |   0.0 |      18 |       0 |   0.0
        D:2 |      45 |       0 |   0.0 |      15 |       0 |   0.0
        D:3 |      40 |       9 |  18.4 |      11 |       5 |  31.2
            +---------+---------+-------+---------+---------+-------
